 Dungeon Crawl Stone Soup version 0.28-a0-802-g09f76e8c00 (webtiles) character file.

Game seed: 17062531398557217793

227106 demibob the Lord of Darkness (level 19, 0/153 HPs)
             Began as a Demonspawn Gladiator on Nov 6, 2021.
             Was the Champion of Kikubaaqudgha.
             Slain by an Executioner (3 damage)
             ... on level 3 of the Abyss.
             The game lasted 03:52:33 (59313 turns).

demibob the Lord of Darkness (DsGl)                Turns: 59313, Time: 03:52:33

Health: 0/153      AC: 24    Str: 16    XL:     19   Next: 4%
Magic:  33/33      EV: 29    Int: 18    God:    Kikubaaqudgha [******]
Gold:   3050       SH:  4    Dex: 22    Spells: 5/39 levels left

rFire   . . .      SeeInvis .   a - +4 lajatang (pain)
rCold   . . .      Faith    +   (shield currently unavailable)
rNeg    + + +      Spirit   .   t - +2 leather armour {rPois}
rPois   +          Reflect  .   H - +0 hat of Dim Light {Contam rElec rN++ Str+2 Int+4}
rElec   +          Harm     .   j - +2 cloak {Stlth+}
rCorr   .          Rampage  .   (no gloves)
Will    ++...                   T - +1 pair of boots "Idwoiqug" {rN+ Dex+3 Slay+3 Stlth-}
Stlth   +++.......              r - amulet of faith {!P}
HPRegen 0.00/turn               Z - ring of wizardry
MPRegen 0.23/turn               S - ring of Lenacziagg {Slay+4 Stlth+}

@: agile, sanguine armoured, sick, very slightly contaminated, hasted,
invisible, very quick
A: horns 2, icemail 1, powered by pain 1, sanguine armour 2, condensation
shield, demonic willpower
a: Renounce Religion, Receive Corpses, Torment


You were on level 3 of the Abyss.
You worshipped Kikubaaqudgha.
Kikubaaqudgha was exalted by your worship.
You visited 6 branches of the dungeon, and saw 32 of its levels.
You visited the Abyss 2 times.
You also visited: Sewer and Gauntlet.

You collected 3218 gold pieces.
You spent 168 gold pieces at shops.


Innate Abilities, Weirdness & Mutations

You have a pair of horns on your head.
A meltable icy envelope protects you from harm. (AC +4)
You sometimes gain a little power by taking damage.
When seriously injured, your bleeding wounds create thick armour. (AC +9)
A meltable shield of frost defends you. (SH +4)
You punish those that try to bend your will. (Will+)


   Skills:
 - Level 14.4 Fighting
 - Level 14.0 Staves
 - Level 1.7 Throwing
 - Level 5.6 Armour
 - Level 15.5 Dodging
 + Level 10.7 Spellcasting
 - Level 5.5 Conjurations
 - Level 20.0 Necromancy
 - Level 6.0 Poison Magic
 - Level 3.8 Evocations


You had 5 spell levels left.
You knew the following spells:

 Your Spells              Type           Power      Damage    Failure   Level
d - Animate Dead          Necr           34%        N/A       0%          4
e - Excruciating Wounds   Necr           34%        N/A       1%          5
m - Mephitic Cloud        Conj/Pois/Air  23%        N/A       2%          3
n - Dispel Undead         Necr           69%        3d23      0%          4
o - Olgreb's Toxic Radia  Pois           31%        N/A       3%          4
t - Death Channel         Necr           34%        N/A       1%          6
X - Infestation           Necr           34%        N/A       6%          8

Your spell library contained the following spells:

 Spells                   Type           Power      Damage    Failure   Level
 Animate Skeleton         Necr           100%       N/A       0%          1
 Pain                     Necr           100%       1d9       0%          1
 Sublimation of Blood     Necr           69%        N/A       0%          2
 Vampiric Draining        Necr           69%        2d10      0%          3
 Magic Dart               Conj           100%       1d8       1%          1
 Static Discharge         Conj/Air       19%        N/A       1%          2
 Agony                    Necr           69%        N/A       1%          5
 Apportation              Tloc           18%        N/A       3%          1
 Beastly Appendage        Tmut           18%        N/A       3%          1
 Sandblast                Erth           18%        2d7       3%          1
 Summon Small Mammal      Summ           36%        N/A       3%          1
 Dazzling Flash           Conj/Hex       38%        N/A       3%          3
 Spider Form              Tmut/Pois      20%        N/A       3%          3
 Stone Arrow              Conj/Erth      38%        3d9       3%          3
 Call Imp                 Summ           9%         N/A       5%          2
 Passwall                 Tmut/Erth      7%         N/A       5%          2
 Wereblood                Tmut           9%         N/A       5%          2
 Fulminant Prism          Conj/Hex       9%         3d7       12%         4
 Iskenderun's Mystic Bla  Conj/Tloc      19%        2d6       12%         4
 Alistair's Intoxication  Tmut/Pois      13%        N/A       26%         5
 Irradiate                Conj/Tmut      9%         3d17      30%         5
 Lightning Bolt           Conj/Air       9%         1d22      30%         5
 Petrify                  Tmut/Erth      9%         N/A       32%         4
 Lee's Rapid Deconstruct  Erth           4%         3d6*      65%         5
 Metabolic Englaciation   Hex/Ice        4%         N/A       65%         5
 Silence                  Hex/Air        4%         N/A       65%         5
 Haunt                    Necr/Summ      22%        N/A       43%         7
 Invisibility             Hex            4%         N/A       99%         6
 Statue Form              Tmut/Erth      6%         N/A       99%         6
 Ozocubu's Refrigeration  Ice            4%         4d5       100%        7
 Ignition                 Fire           4%         3d4       100%        8
 Maxwell's Capacitive Co  Air            4%         ∞         100%        8
 Chain Lightning          Conj/Air       9%         3d12      100%        9
 Fire Storm               Conj/Fire      9%         8d3       100%        9
 Shatter                  Erth           4%         3d8*      100%        9

Inventory:

Hand Weapons
 a - a +4 lajatang of pain (weapon)
Missiles
 x - 3 throwing nets {=f}
 D - 11 atropa-tipped darts
 L - 16 curare-tipped darts (quivered) {=f}
Armour
 i - the +0 cloak "Jufidghiu" {Harm rPois Str+4 Int+2}
   (You found it on level 1 of the Lair of Beasts)

   Str:       It affects your strength (+4).
   Int:       It affects your intelligence (+2).
   rPois:     It protects you from poison.
   Harm:      It increases damage dealt and taken.
 j - a +2 cloak of stealth (worn)
 n - +0 acid dragon scales
 t - a +2 leather armour of poison resistance (worn)
 H - the +0 hat of Dim Light (worn) {Contam rElec rN++ Str+2 Int+4}
   (You found it on level 10 of the Dungeon)

   Str:       It affects your strength (+2).
   Int:       It affects your intelligence (+4).
   rElec:     It insulates you from electricity.
   rN:        It greatly protects you from negative energy.
   Contam:    It causes magical contamination when unequipped.
 T - the +1 pair of boots "Idwoiqug" (worn) {rN+ Dex+3 Slay+3 Stlth-}
   (You found it on level 13 of the Dungeon)

   Dex:       It affects your dexterity (+3).
   Slay:      It affects your accuracy & damage with ranged weapons and melee
   (+3).
   rN:        It protects you from negative energy.
   Stlth:     It makes you less stealthy.
 V - the +2 leather armour "Canant" {Regen+ Dex+3}
   (You found it on level 1 of the Elven Halls)

   Dex:       It affects your dexterity (+3).
   Regen:     It increases your rate of health regeneration.
Jewellery
 r - an amulet of faith (around neck) {!P}
 v - the amulet "Weppubud" {Spirit rPois rF+ Str+2}
   (You found it on level 7 of the Dungeon)

   [amulet of guardian spirit]

   It causes incoming damage to be divided between your reserves of health and
   magic.
   Str:       It affects your strength (+2).
   rF:        It protects you from fire.
   rPois:     It protects you from poison.
 w - a ring of willpower
 C - a ring of protection from cold
 F - a ring of fire
 I - the ring of Autotheism {rC++ rN+}
   (You found it in a Gauntlet)

   [ring of positive energy]

   rC:        It greatly protects you from cold.
   rN:        It protects you from negative energy.
 M - a ring of magical power
 P - a ring of poison resistance
 S - the ring of Lenacziagg (right hand) {Slay+4 Stlth+}
   (You found it on level 11 of the Dungeon)

   [ring of slaying]

   Slay:      It affects your accuracy & damage with ranged weapons and melee
   (+4).
   Stlth:     It makes you more stealthy.
 W - a ring of willpower
 Y - a +4 ring of slaying
 Z - a ring of wizardry (left hand)
Wands
 b - a wand of iceblast (8)
 c - a wand of mindburst (17)
 o - a wand of polymorph (20)
 E - a wand of charming (14)
 G - a wand of acid (15)
Scrolls
 e - 4 scrolls of vulnerability
 f - 14 scrolls of identify {@r1}
 y - 4 scrolls of amnesia
 A - 5 scrolls of immolation
 O - 4 scrolls of enchant armour
Potions
 d - 2 potions of ambrosia
 g - 2 potions of cancellation
 h - 5 potions of flight
 l - 4 potions of mutation
 m - a potion of curing {@q1}
 p - 8 potions of attraction
 s - a potion of brilliance
 N - 2 potions of magic
 Q - a potion of resistance
 U - 2 potions of might
Miscellaneous
 k - a condenser vane (inert)
 K - a phial of floods

Dungeon Overview and Level Annotations

Branches:
Dungeon (15/15)            Temple (0/1) D:4            Lair (6/6) D:8
 Shoals (3/4) Lair:3       Spider (3/4) Lair:3        Slime (0/5) Lair:6
    Orc (2/2) D:9             Elf (3/3) Orc:2        Vaults (0/5) D:13
 Depths (0/4) D:15          Sewer (visited)         Gauntlet (visited)

Altars:
Ashenzari
Dithmenos
Gozag
Hepliaklqana
Kikubaaqudgha
Okawaru
Qazlal
Sif Muna
Vehumet
Xom
Beogh
Jiyva

Shops:
Orc:2 [(:*   Elf:2 [

Annotations:
D:10 exclusion: Snorg
D:14 1 runed translucent door, Roxanne; Ylorinke's ghost, journeyman PaBe
Lair:4 1 runed translucent door, Iwuung's ghost, journeyman DjFE
Lair:5 2 transporters, Faca's ghost, journeyman MfGl
Spider:3 Arachne; Asterion; Mara
Elf:2 3 runed translucent doors ▒.. +#..░ ▓░X##.##X▒▒ ▒.X#GGz#X.▒ ▒▒░..#####X.▒▒▒ .XXxGJJ.xJX....▒

..###xJ J.#.#X.▒
.##G#X2.Gz.X##..
.x.z#.§▓1X#..+X.
.##G#X.@2G#G##X.
.G###X▒2▒X###..
...X. #X#▒xx..▒▒
▒≈.. ░∩░▓≈..≈▒
▒▒▒ X.. ▒▒▒▒▒
#.. ###


You could see 3 cacodemons, an Executioner (fast), a very large slime creature
(wandering), a large slime creature (wandering), 2 slime creatures, 2 shining
eyes, 2 glowing orange brains, 20 large abominations, 6 small abominations, 3
flying skulls, a floating eye (charged) and 2 golden eyes.


Message History

The golden eye blinks at you.
The flying skull gives a hideous shriek!
You slice the cacodemon!!
The cacodemon is moderately wounded.
The titanic slime creature quivers.
The cacodemon hits you!
* * * LOW HITPOINT WARNING * * *
The cacodemon completely misses you. The cacodemon gestures at you.
The bolt of energy hits you.
* * * LOW HITPOINT WARNING * * *
The Executioner completely misses you. The Executioner misses you.
The Executioner hits you but does no damage.
A large slime creature splits.
Okay, then.
The flying skull gives a hideous shriek!
You slash the cacodemon! You headbutt the cacodemon.
The cacodemon is heavily wounded.
The Executioner hits you but does no damage.
The Executioner hits you.
* * * LOW HITPOINT WARNING * * *
The Executioner hits you but does no damage.
The golden eye blinks at you.
A titanic slime creature splits.
The golden eye blinks!
You slash the cacodemon!
The cacodemon is severely wounded.
The Executioner completely misses you. The Executioner closely misses you.
The Executioner hits you.
You die...
Kikubaaqudgha rasps: "You have failed me!
Welcome... death!"

Skill      XL: |  1  2  3  4  5  6  7  8  9 10 11 12 13 14 15 16 17 18 |
---------------+-------------------------------------------------------+-----
Staves         | 3 4 5 6 7 8 9 10 12 13 14 | 14.0
Necromancy     | 1 4 7 9 11 13 15 20 | 20.0
Evocations     | 3 |  3.8
Spellcasting   | 2 3 6 7 10 | 10.7
Dodging        | 4 8 11 13 14 15 | 15.5
Armour         | 3 5 |  5.6
Fighting       | 4 9 12 14 | 14.4
Conjurations   | 5 |  5.5
Poison Magic   | 4 6 |  6.0
Throwing       | |  1.7

Action                   |  1- 3 |  4- 6 |  7- 9 | 10-12 | 13-15 | 16-18 | 19-21 || total
-------------------------+-------+-------+-------+-------+-------+-------+-------++-------
Melee: Quarterstaff      |   111 |   260 |   276 |   197 |    10 |       |       ||   854
       Unarmed           |       |       |       |     1 |       |       |       ||     1
       Lajatang          |       |       |       |   546 |  1084 |  1104 |    42 ||  2776
       Headbutt          |       |       |       |       |   270 |   281 |    14 ||   565
Throw: Dart              |       |     6 |    29 |    23 |     4 |       |       ||    62
 Cast: Animate Skeleton  |       |       |     3 |     9 |       |       |       ||    12
       Excruciating Woun |       |       |       |    42 |     3 |       |       ||    45
       Vampiric Draining |       |       |       |    59 |     2 |     6 |       ||    67
       Dispel Undead     |       |       |       |     4 |    17 |     5 |       ||    26
       Death Channel     |       |       |       |     1 |    16 |    16 |       ||    33
       Animate Dead      |       |       |       |       |    19 |     7 |       ||    26
       Mephitic Cloud    |       |       |       |       |     4 |    88 |       ||    92
       Olgreb's Toxic Ra |       |       |       |       |       |    90 |       ||    90
Invok: Receive Corpses   |       |       |     2 |     4 |    13 |     4 |       ||    23
       Brand Weapon With |       |       |       |     1 |       |       |       ||     1
Evoke: Wand              |       |       |    14 |    17 |    13 |     6 |     2 ||    52
       Phial of floods   |       |       |       |     1 |     1 |       |       ||     2
       Condenser vane    |       |       |       |       |       |       |     1 ||     1
  Use: Scroll            |       |    14 |     8 |    16 |    12 |    14 |     1 ||    65
       Potion            |       |     4 |     2 |    13 |     6 |    22 |     2 ||    49
 Stab: Sleeping          |       |     7 |       |     1 |    11 |     7 |       ||    26
       Distracted        |       |       |       |       |     4 |     8 |     1 ||    13
       Confused          |       |       |       |       |     4 |    32 |       ||    36
       Invisible         |       |       |       |       |       |       |     3 ||     3
Armor: Leather armour    |    36 |    48 |    75 |   241 |   229 |   305 |    24 ||   958
       Skin              |       |    10 |       |       |     4 |       |       ||    14
Dodge: Dodged            |    83 |   140 |   139 |   436 |   618 |  1018 |    46 ||  2480
Block: Other             |       |       |       |    86 |   131 |   165 |     6 ||   388

Levels and vault maps discovered:
D:1:      ebering_trefoil_3fold, layout_basic, minmay_heptomino_h4
D:2:      layout_loops_cross, lemuel_old_faithful, uniq_natasha
D:3:      wad_river_or_something, layout_basic,
          chequers_temple_overflow_minitemple, hellmonk_ecumenical_altar_zigzags
D:4:      layout_loops_ring, amcnicky_altar_gilded,
          minmay_temple_entry_poolview, uniq_crazy_yiuf_cottage
D:5:      layout_basic, old_standard_altar, kennysheep_little_box,
          portal_sewer_entry_b, corexii_corridor_pit, roderic_nine_men_s_morris,
          uniq_edmund
D:6:      layout_gridville, uniq_pikel
D:7:      layout_cave_pools
D:8:      cheibrodos_fzero, layout_gridville, lair_entry_dummy,
          grunt_tough_drop, uniq_psyche
D:9:      layout_small_grid, erik_orc_2, special_room [special_room_orc],
          chequers_serial_rivers_large_a
D:10:     layout_basic, evilmike_ruin_ashenzari, vehumet_altar_wand_db,
          hangedman_minor_magic, uniq_snorg, uniq_joseph, uniq_erolcha
D:11:     layout_roguey, minmay_the_grid_2x2 [minmay_the_grid_spikes,
          minmay_the_grid_fan, minmay_the_grid_empty,
          minmay_the_grid_prize_diamond_cup], uniq_erica
D:12:     layout_basic, uniq_kirke
D:13:     cheibrodos_tormentor_scu, layout_basic, erik_vaults_2,
          kennysheep_crisscross
D:14:     kennysheep_spiral_hall, layout_loops_ring,
          ebering_ghost_funeral_grove, minmay_staircase_bubble,
          hangedman_abyss_or_decor_slice, nicolae_xom_altar_mimics, uniq_roxanne
D:15:     grunt_enter_depths_snipers, layout_cave_pools, palyth_stone_intersect,
          kennysheep_okawaru_gauntlet
Lair:1:   layout_cave_pods, lemuel_fruit_tree, serial_bayou_shore_b
Lair:2:   layout_regular_city, gauntlet_entry_generic,
          hangedman_lair_generics_rect, uniq_sonja
Lair:3:   layout_chaotic_city, elwin_shoals_entry_stream,
          spider_nest_entry_funnel_web, grunt_megastairs_1
Lair:4:   layout_hall_layers, gammafunk_ghost_grave, special_room
          [special_room_mythical_zoo], kennysheep_basilisk_garden
Lair:5:   layout_regular_city, gammafunk_ghost_hive, grunt_megastairs_3,
          lemuel_fruit_fields
Lair:6:   hangedman_lair_tendril_chambers, layout_small_grid, slime_altar_1,
          uniq_urug
Shoals:1: layout_shoals, serial_shops, nicolae_shop_waterfront, uniq_frances,
          uniq_aizul
Shoals:2: layout_shoals, nicolae_shoals_spring_well_temple
Shoals:3: nicolae_shoals_island_circles, layout_shoals, uniq_polyphemus
Spider:1: layout_chambers
Spider:2: layout_spider_delve, hangedman_spider_mandibles,
          nicolae_spider_baby_got_redback
Spider:3: layout_spider_delve, drop_trap, nicolae_spider_circle_web, uniq_mara,
          uniq_arachne, uniq_asterion
Orc:1:    nicolae_orc_accident_3, layout_caves, basic_altar, minmay_orc_temple_b
Orc:2:    grunt_orc_cross, layout_diamond_mine, basic_altar, lightli_orcish_oven
Elf:1:    eino_elf_arrival_altar, layout_onion_city, minmay_elf_crystal_heptagon
Elf:2:    nicolae_elf_blades_crystal_corner, layout_geoelf_grid, serial_shops,
          shop
Elf:3:    minmay_elf_hall_four_x, layout_geoelf_grid, kb_rosetta
Abyss:3:  base: D:3, gammafunk_abyss_rune_reverse_zot,
          hangedman_abyss_rune_macabre_mess, guppyfry_abyss_exit_glass_guarded,
          hangedman_abyss_feature_spike, nicolae_abyss_rune_star_stuff,
          evilmike_abyss_exit_vortex, evilmike_abyss_rune_tso_outpost,
          evilmike_abyss_rune_tso_outpost, serial_sigils_hangedman_shear,
          due_evilmike_abyss_rune_seething_liches, base: D:8,
          guppyfry_abyss_exit_glass_guarded, evilmike_abyss_exit_7,
          lemuel_flamethrower_hall, hangedman_abyss_rune_macabre_mess

Notes
Turn   | Place    | Note
-------+----------+-------------------------------------------
     0 | D:1      | demibob the Demonspawn Gladiator began the quest for the
                  | Orb.
     0 | D:1      | Reached XP level 1. HP: 16/16 MP: 1/1
   218 | D:1      | Reached skill level 3 in Staves
   266 | D:1      | Gained mutation: When seriously injured, your bleeding
                  | wounds create armour. (AC +9) [demonic ancestry]
   266 | D:1      | Reached XP level 2. HP: 22/22 MP: 2/2
   683 | D:1      | Reached XP level 3. HP: 17/27 MP: 3/3
  1310 | D:2      | Reached skill level 4 in Staves
  1838 | D:2      | Noticed Natasha
  1844 | D:2      | Killed Natasha
  1845 | D:2      | Reached XP level 4. HP: 27/33 MP: 4/4
  2043 | D:2      | Noticed Natasha
  2054 | D:2      | Killed Natasha
  2055 | D:2      | Reached skill level 5 in Staves
  2748 | D:3      | Reached XP level 5. HP: 38/38 MP: 5/5
  2854 | D:3      | Found a faded altar of an unknown god.
  3028 | D:3      | Found a shadowy altar of Dithmenos.
  3028 | D:3      | Found a shimmering blue altar of Sif Muna.
  3036 | D:3      | Found a faded altar of an unknown god.
  3038 | D:3      | Found an ancient bone altar of Kikubaaqudgha.
  3040 | D:3      | Found an iron altar of Okawaru.
  3044 | D:3      | Became a worshipper of Kikubaaqudgha
  3876 | D:4      | Reached skill level 6 in Staves
  4144 | D:4      | Identified the -6 pair of gloves of Taojun {Str+6}
  4177 | D:4      | Found an opulent altar of Gozag.
  4252 | D:4      | Found a staircase to the Ecumenical Temple.
  4467 | D:4      | Gained mutation: When seriously injured, your bleeding
                  | wounds create thick armour. (AC +9) [demonic ancestry]
  4467 | D:4      | Reached XP level 6. HP: 39/44 MP: 6/6
  4960 | D:4      | Found a runed translucent door.
  4961 | D:4      | Noticed Crazy Yiuf
  5110 | D:4      | Killed Crazy Yiuf
  5231 | D:5      | Entered Level 5 of the Dungeon
  5237 | D:5      | Found a glowing drain.
  5263 | Sewer    | Entered a sewer
  5273 | Sewer    | Reached * piety under Kikubaaqudgha
  5273 | Sewer    | Received a gift from Kikubaaqudgha
  5276 | Sewer    | Learned a level 1 spell: Animate Skeleton
  5368 | Sewer    | Reached skill level 7 in Staves
  5379 | Sewer    | Reached skill level 1 in Necromancy
  5527 | Sewer    | Reached ** piety under Kikubaaqudgha
  5620 | D:5      | Reached XP level 7. HP: 33/50 MP: 7/7
  5812 | D:5      | Reached skill level 2 in Necromancy
  5879 | D:5      | Reached skill level 3 in Necromancy
  5955 | D:5      | Noticed Edmund
  5965 | D:5      | Killed Edmund
  5980 | D:5      | Reached skill level 4 in Necromancy
  6084 | D:5      | Reached skill level 8 in Staves
  6084 | D:5      | Reached XP level 8. HP: 56/56 MP: 8/8
  6608 | D:5      | Found a hazy altar of Hepliaklqana.
  6614 | D:5      | Reached skill level 5 in Necromancy
  7078 | D:5      | Found a stormy altar of Qazlal.
  7534 | D:6      | Reached skill level 6 in Necromancy
  8210 | D:6      | Reached skill level 9 in Staves
  8344 | D:6      | Noticed Pikel
  8367 | D:6      | Killed Pikel
  8368 | D:6      | Reached skill level 7 in Necromancy
  8368 | D:6      | Reached XP level 9. HP: 40/61 MP: 9/9
  8767 | D:6      | Reached skill level 1 in Evocations
  9079 | D:7      | Identified the amulet "Weppubud" {Spirit rPois rF+ Str+2}
  9118 | D:7      | Reached skill level 2 in Evocations
  9213 | D:7      | Reached skill level 10 in Staves
  9230 | D:7      | Reached *** piety under Kikubaaqudgha
  9230 | D:7      | Received a gift from Kikubaaqudgha
  9231 | D:7      | Reached skill level 3 in Evocations
  9287 | D:7      | Learned a level 4 spell: Dispel Undead
  9527 | D:7      | Reached skill level 1 in Spellcasting
 10067 | D:8      | Reached skill level 2 in Spellcasting
 10202 | D:8      | Noticed Psyche
 10224 | D:8      | Killed Psyche
 10242 | D:8      | Reached XP level 10. HP: 43/67 MP: 14/14
 10244 | D:8      | Reached skill level 3 in Spellcasting
 10459 | D:8      | Found a staircase to the Lair.
 10466 | D:8      | Noticed a brown ugly thing
 10470 | Lair:1   | Entered Level 1 of the Lair of Beasts
 10491 | Lair:1   | Learned a level 5 spell: Excruciating Wounds
 10639 | Lair:1   | Reached **** piety under Kikubaaqudgha
 10640 | Lair:1   | Reached skill level 11 in Staves
 10644 | Lair:1   | Reached skill level 8 in Necromancy
 10731 | Lair:1   | Noticed a black mamba
 10738 | Lair:1   | Killed a black mamba
 10919 | Lair:1   | Identified the +0 cloak "Jufidghiu" {Harm rPois Str+4
                  | Int+2}
 10944 | Lair:1   | Reached skill level 3 in Dodging
 11623 | Lair:1   | Reached skill level 4 in Dodging
 11978 | Lair:1   | Noticed an eight-headed hydra
 12075 | D:8      | Killed a brown ugly thing
 12088 | D:8      | Reached skill level 9 in Necromancy
 12101 | D:8      | Noticed a cyclops
 12379 | D:8      | Learned a level 3 spell: Vampiric Draining
 12387 | D:8      | Reached skill level 12 in Staves
 12429 | D:8      | Noticed a two-headed ogre
 12453 | D:8      | Killed a two-headed ogre
 12826 | D:8      | Gained mutation: A meltable shield of frost defends you.
                  | (SH +4) [demonic ancestry]
 12826 | D:8      | Reached XP level 11. HP: 66/71 MP: 15/15
 13361 | D:8      | Reached skill level 10 in Necromancy
 14698 | D:9      | Reached ***** piety under Kikubaaqudgha
 15944 | D:9      | Found a staircase to the Orcish Mines.
 15996 | D:10     | Entered Level 10 of the Dungeon
 16035 | D:10     | Reached skill level 1 in Armour
 16184 | D:10     | Identified the +6 war axe of Excruciating Pain {flame, rN+}
 16239 | D:10     | Noticed Snorg
 16386 | D:10     | Noticed a two-headed ogre
 16395 | D:10     | Killed a two-headed ogre
 16489 | D:10     | Noticed a two-headed ogre
 16545 | D:10     | Killed a two-headed ogre
 16546 | D:10     | Reached skill level 2 in Armour
 16546 | D:10     | Reached skill level 11 in Necromancy
 16555 | D:10     | Reached skill level 13 in Staves
 16570 | D:10     | Noticed a deep elf zephyrmancer
 16713 | D:10     | Noticed Joseph
 16724 | D:10     | Found a broken altar of Ashenzari.
 16731 | D:10     | HP: 4/72 [disintegration (25)]
 16733 | D:10     | Killed Joseph
 17250 | D:10     | Killed a deep elf zephyrmancer
 17251 | D:10     | Reached skill level 3 in Armour
 17700 | D:10     | Identified a +2 robe of the Archmagi
 17700 | D:10     | Noticed Erolcha
 17718 | D:10     | Killed Erolcha
 17763 | D:10     | Killed Snorg
 17917 | D:10     | Found a radiant altar of Vehumet.
 18004 | D:10     | Noticed a deep elf zephyrmancer
 18011 | D:10     | Killed a deep elf zephyrmancer
 18014 | D:10     | Identified the +0 hat of Dim Light {Contam rElec rN++ Str+2
                  | Int+4}
 18398 | D:11     | Identified a +2 robe of the Archmagi
 18398 | D:11     | Noticed Erica
 18409 | D:11     | Killed Erica
 18410 | D:11     | Gained mutation: A meltable icy envelope protects you from
                  | harm. (AC +4) [demonic ancestry]
 18410 | D:11     | Reached XP level 12. HP: 57/78 MP: 16/16
 18743 | D:11     | Noticed a boulder beetle
 18881 | Lair:2   | Found a gate leading to a gauntlet.
 18906 | Gauntlet | Entered a Gauntlet
 18906 | Gauntlet | Found a transporter.
 18906 | Gauntlet | Found a transporter.
 19069 | Gauntlet | Found a transporter.
 19087 | Gauntlet | Found a transporter.
 19087 | Gauntlet | Found a transporter.
 19089 | Gauntlet | Found a transporter.
 19089 | Gauntlet | Found a transporter.
 19091 | Gauntlet | Found a transporter.
 19096 | Gauntlet | Noticed a death yak
 19100 | Gauntlet | Noticed a death yak
 19101 | Gauntlet | Noticed a death yak
 19102 | Gauntlet | Found a transporter.
 19102 | Gauntlet | Noticed a death yak
 19118 | Gauntlet | Found a transporter.
 19127 | Gauntlet | Noticed a death scarab
 19128 | Gauntlet | Found a transporter.
 19130 | Gauntlet | Noticed a death scarab
 19143 | Gauntlet | Found a transporter.
 19162 | Gauntlet | Found a transporter.
 19164 | Gauntlet | Found a runed translucent gate.
 19164 | Gauntlet | Found a runed translucent gate.
 19164 | Gauntlet | Found a runed translucent gate.
 19174 | Gauntlet | Found a transporter.
 19204 | Gauntlet | Noticed an entropy weaver
 19445 | Gauntlet | Identified the ring of Autotheism {rC++ rN+}
 19738 | Gauntlet | Identified the +8 broad axe "Ureox" {flame, rPois Will+
                  | Dex-3 Stlth+}
 19738 | Gauntlet | Identified the +6 shortbow "Deplyoge" {venom, Str+3 Int+8
                  | Dex-2 SInv}
 19738 | Gauntlet | Noticed a minotaur
 19835 | Lair:2   | Reached skill level 5 in Dodging
 19978 | Lair:2   | Noticed Sonja
 19989 | Lair:2   | Killed Sonja
 19992 | Lair:2   | Reached skill level 14 in Staves
 20085 | Lair:1   | Reached skill level 6 in Dodging
 20242 | Lair:1   | Learned a level 4 spell: Animate Dead
 20323 | Lair:2   | Reached ****** piety under Kikubaaqudgha
 20336 | Lair:2   | Reached skill level 7 in Dodging
 20359 | Lair:2   | Noticed a death yak
 20389 | Lair:3   | Reached skill level 4 in Spellcasting
 20424 | Lair:3   | Noticed a six-headed hydra
 20721 | Lair:1   | Identified a +3 lajatang of pain (a +1 lajatang bloodied by
                  | Kikubaaqudgha)
 20721 | Lair:1   | Received a gift from Kikubaaqudgha
 20902 | Lair:2   | Noticed a four-headed hydra
 20926 | Lair:2   | Killed a four-headed hydra
 21183 | Lair:2   | Killed a death yak
 21184 | Lair:2   | Reached skill level 5 in Spellcasting
 21263 | Lair:2   | Reached skill level 8 in Dodging
 21353 | Lair:2   | Noticed a seven-headed hydra
 21367 | Lair:2   | Killed a seven-headed hydra
 21860 | Lair:2   | Noticed a four-headed hydra
 21869 | Lair:2   | Killed a four-headed hydra
 22049 | Lair:2   | HP: 7/78 [six-headed hydra (1)]
 22051 | Lair:2   | HP: 1/78 [six-headed hydra (7)]
 22052 | Lair:2   | Killed a six-headed hydra
 22493 | Lair:2   | Reached skill level 6 in Spellcasting
 22500 | Lair:2   | Learned a level 6 spell: Death Channel
 22567 | Lair:3   | Gained mutation: You have a pair of small horns on your
                  | head. [demonic ancestry]
 22567 | Lair:3   | Reached XP level 13. HP: 46/83 MP: 12/22
 22856 | Lair:3   | Reached skill level 9 in Dodging
 23102 | Lair:3   | Reached skill level 12 in Necromancy
 23264 | Lair:3   | Identified a potion of resistance
 23613 | Lair:3   | Reached skill level 10 in Dodging
 23768 | Lair:3   | Found a staircase to the Shoals.
 23821 | Lair:3   | Reached skill level 13 in Necromancy
 24352 | Lair:3   | Found a hole to the Spider Nest.
 24849 | Lair:4   | Reached skill level 3 in Fighting
 24873 | Lair:4   | Found a runed translucent door.
 24873 | Lair:4   | Noticed Iwuung's ghost (journeyman DjFE)
 24880 | Lair:4   | Reached skill level 11 in Dodging
 25436 | Lair:4   | Reached skill level 4 in Fighting
 25439 | Lair:4   | Gained mutation: You have a pair of horns on your head.
                  | [demonic ancestry]
 25439 | Lair:4   | Reached XP level 14. HP: 95/95 MP: 24/24
 26576 | D:11     | Identified the ring of Lenacziagg {Slay+4 Stlth+}
 26934 | D:11     | HP: 6/96 [ettin (28)]
 27405 | D:12     | Reached skill level 5 in Fighting
 28100 | D:12     | Reached skill level 4 in Armour
 28124 | D:12     | Noticed Kirke
 28135 | D:12     | Noticed a sphinx
 28172 | D:12     | You fall into a shaft and drop 1 floor!
 29218 | D:12     | Killed Kirke
 29219 | D:12     | Reached skill level 6 in Fighting
 29617 | Orc:1    | Entered Level 1 of the Orcish Mines
 29838 | Orc:1    | Reached skill level 5 in Armour
 30398 | Orc:2    | Entered Level 2 of the Orcish Mines
 30744 | Orc:2    | Found a staircase to the Elven Halls.
 30967 | Orc:2    | Found a shimmering altar of Xom.
 31200 | Orc:2    | Noticed an orc warlord
 31454 | Orc:2    | Killed an orc warlord
 31455 | Orc:2    | Reached skill level 7 in Fighting
 31582 | Orc:2    | Learned a level 3 spell: Mephitic Cloud
 31702 | Orc:2    | Identified a +2 robe of the Archmagi
 31932 | Orc:2    | Reached skill level 1 in Conjurations
 32216 | Orc:2    | Reached skill level 2 in Conjurations
 32396 | Orc:2    | Found Igiumm's Antique Armour Emporium.
 32420 | Orc:2    | Found Ulon's Book Emporium.
 32425 | Orc:2    | Found Siteot's General Store.
 32457 | Orc:2    | Bought a scroll of teleportation for 36 gold pieces
 32457 | Orc:2    | Bought a scroll of magic mapping for 42 gold pieces
 32457 | Orc:2    | Bought a scroll of enchant weapon for 90 gold pieces
 32492 | Orc:2    | Found Uwkuodoph's Antique Weapon Emporium.
 32928 | Lair:5   | Reached skill level 3 in Conjurations
 32943 | Lair:5   | Reached skill level 8 in Fighting
 33492 | Lair:5   | Reached skill level 4 in Conjurations
 33854 | Lair:5   | Found a transporter.
 34083 | Lair:5   | Found a transporter.
 34104 | Lair:5   | Noticed Faca's ghost (journeyman MfGl)
 34321 | Lair:6   | Entered Level 6 of the Lair of Beasts
 34326 | Lair:6   | Reached skill level 5 in Conjurations
 34358 | Lair:6   | Reached skill level 9 in Fighting
 34709 | Lair:6   | Reached XP level 15. HP: 113/113 MP: 25/25
 34735 | Lair:6   | Reached skill level 7 in Spellcasting
 34747 | Lair:6   | Noticed Urug
 34765 | Lair:6   | Killed Urug
 35221 | Lair:6   | Reached skill level 1 in Poison Magic
 35245 | Lair:6   | Reached skill level 2 in Poison Magic
 35258 | Lair:6   | Reached skill level 10 in Fighting
 35258 | Lair:6   | Reached skill level 3 in Poison Magic
 35557 | Lair:6   | Reached skill level 4 in Poison Magic
 36099 | Lair:6   | Found a viscous altar of Jiyva.
 36100 | Lair:6   | Found a staircase to the Slime Pits.
 36530 | Lair:6   | Reached skill level 11 in Fighting
 36699 | Lair:6   | Reached skill level 12 in Dodging
 38417 | D:13     | Identified the +1 pair of boots "Idwoiqug" {rN+ Dex+3
                  | Slay+3 Stlth-}
 38652 | D:13     | Found a gate to the Vaults.
 38891 | D:13     | You are cast into the Abyss!
 38891 | D:13     | Cast into level 3 of the Abyss (a wizard)
 38936 | Abyss:3  | Reached skill level 12 in Fighting
 39039 | Abyss:3  | Noticed a bone dragon
 39216 | Abyss:3  | Noticed a tentacled starspawn
 39226 | Abyss:3  | Found a corrupted altar of Lugonu.
 39301 | Abyss:3  | Identified the +1 robe of Restlessness {Str+6 Stlth+}
 39467 | Abyss:3  | Reached skill level 13 in Dodging
 39467 | Abyss:3  | Reached XP level 16. HP: 104/128 MP: 26/26
 39923 | D:13     | You pass through the gate.
 39923 | D:13     | Escaped the Abyss
 40651 | D:14     | Upgraded the game from 0.28-a0-794-gafe8c5f9e9 to
                  | 0.28-a0-802-g09f76e8c00
 40711 | D:14     | Identified Roxanne's Incunabulum of the Rocks
 40711 | D:14     | Noticed Roxanne
 40788 | D:14     | Reached skill level 13 in Fighting
 41156 | D:14     | Found a shimmering altar of Xom.
 41157 | D:14     | Found a shimmering altar of Xom.
 41158 | D:14     | Found a shimmering altar of Xom.
 41158 | D:14     | Found a shimmering altar of Xom.
 41161 | D:14     | Found a shimmering altar of Xom.
 41161 | D:14     | Found a shimmering altar of Xom.
 41164 | D:14     | Found a shimmering altar of Xom.
 41196 | D:14     | You fall into a shaft and drop 1 floor!
 41196 | D:15     | Entered Level 15 of the Dungeon
 41530 | D:14     | Found a runed translucent door.
 41531 | D:14     | Noticed Ylorinke's ghost (journeyman PaBe)
 41541 | D:14     | Identified the +9 spear "Qetig" {freeze, *Noise Fragile
                  | rF++ Int+4}
 42223 | D:15     | Found a staircase to the Depths.
 42316 | D:15     | Reached skill level 14 in Dodging
 42579 | D:15     | Learned a level 4 spell: Olgreb's Toxic Radiance
 42609 | D:15     | Identified a +1 kite shield of resistance
 43130 | D:15     | Found an iron altar of Okawaru.
 43389 | Spider:1 | Entered Level 1 of the Spider Nest
 43741 | Spider:1 | Reached skill level 14 in Fighting
 43741 | Spider:1 | Reached skill level 5 in Poison Magic
 44239 | Spider:1 | Reached skill level 6 in Poison Magic
 45466 | Spider:2 | Gained mutation: You punish those that try to bend your
                  | will. (Will+) [demonic ancestry]
 45466 | Spider:2 | Reached XP level 17. HP: 88/140 MP: 2/28
 45553 | Spider:2 | Reached skill level 8 in Spellcasting
 46664 | Spider:3 | Reached skill level 15 in Dodging
 46688 | Spider:3 | Reached skill level 9 in Spellcasting
 46973 | Spider:3 | Noticed Asterion
 46975 | Spider:3 | Reached skill level 14 in Necromancy
 46984 | Spider:3 | Noticed Arachne
 46988 | Spider:3 | Noticed Mara
 46991 | Spider:2 | >>lmao also mara
 47248 | Shoals:1 | Entered Level 1 of the Shoals
 47811 | Shoals:1 | Noticed Frances
 48232 | Shoals:1 | Killed Frances
 49268 | Shoals:2 | Reached skill level 15 in Necromancy
 49472 | Shoals:2 | You fall into a shaft and drop 1 floor!
 50489 | Shoals:2 | You fall into a shaft and drop 1 floor!
 50512 | Shoals:3 | Reached skill level 10 in Spellcasting
 51795 | Spider:3 | Noticed demibob's illusion
 52299 | Elf:1    | Entered Level 1 of the Elven Halls
 52311 | Elf:1    | Gained mutation: You sometimes gain a little power by
                  | taking damage. [demonic ancestry]
 52311 | Elf:1    | Reached XP level 18. HP: 147/147 MP: 32/32
 52320 | Elf:1    | Learned a level 8 spell: Infestation
 52331 | Elf:1    | Found a radiant altar of Vehumet.
 52373 | Elf:1    | Identified the +2 leather armour "Canant" {Regen+ Dex+3}
 52527 | Elf:1    | Reached skill level 16 in Necromancy
 52566 | Elf:1    | Paralysed by an air elemental for 1 turns
 52612 | Elf:1    | Identified the +2 leather armour of Gehenna {rF- Str+7
                  | Int+4 SInv}
 53467 | Elf:1    | Noticed a Tzitzimitl
 53472 | Elf:1    | Noticed a Hell Sentinel
 53541 | Elf:1    | Reached skill level 17 in Necromancy
 54118 | Elf:1    | Identified the +3 leather armour of Lesser Demons {rElec
                  | rC++ Str-4 Dex-4}
 54464 | Elf:2    | Noticed a Tzitzimitl
 54790 | Elf:2    | Found Haosuinn's Antique Armour Boutique.
 55050 | Elf:2    | Identified the +0 chain mail "Apuziop" {Dex+8}
 55379 | Elf:2    | Found a runed translucent gate.
 55380 | Elf:2    | Found a runed translucent gate.
 55380 | Elf:2    | Found a runed translucent gate.
 55467 | Elf:3    | Entered Level 3 of the Elven Halls
 55478 | Elf:3    | Reached skill level 18 in Necromancy
 55666 | Elf:3    | Paralysed by an air elemental for 1 turns
 57155 | Elf:3    | Reached skill level 19 in Necromancy
 57844 | Elf:3    | Identified the +5 scale mail of Magic {+Inv}
 58031 | Elf:3    | HP: 14/147 [deep elf blademaster (18)]
 58036 | Elf:3    | HP: 19/220 [deep elf blademaster (4)]
 58535 | Elf:3    | Reached skill level 20 in Necromancy
 58535 | Elf:3    | Noticed a Hell Sentinel
 58850 | Elf:3    | You are cast into the Abyss!
 58850 | Elf:3    | Cast into level 3 of the Abyss (a deep elf sorcerer)
 59067 | Abyss:3  | Reached XP level 19. HP: 146/153 MP: 33/33
 59104 | Abyss:3  | Noticed a bone dragon
 59302 | Abyss:3  | >>this is death
 59302 | Abyss:3  | >>how do i live through this lmao
 59307 | Abyss:3  | Paralysed by a floating eye for 2 turns
 59311 | Abyss:3  | HP: 12/153 [cacodemon (7)]
 59312 | Abyss:3  | HP: 3/153 [Executioner (3)]
 59313 | Abyss:3  | Slain by an Executioner

Vanquished Creatures
  3 deep elf blademasters (Elf:3)
  2 deep elf master archers (Elf:3)
  Frances (Shoals:1)
  A tentacled starspawn (Abyss:3)
  Kirke (D:12)
  A ghost moth (Spider:2)
  An orc warlord (Orc:2)
  An emperor scorpion (Spider:3)
  4 deep elf sorcerers (Elf:3)
  A stone giant (D:15)
  6 deep elf annihilators (Elf:3)
  7 deep elf demonologists
  4 entropy weavers
  A spark wasp (Spider:1)
  Snorg (D:10)
  A merfolk javelineer (Shoals:2)
  An ettin (D:11)
  3 deep elf death magi
  A deep elf high priest (Elf:3)
  3 merfolk impalers
  A yaktaur captain (D:11)
  6 boulder beetles
  7 vault guards (D:13)
  Erolcha (D:10)
  Erica (D:11)
  An alligator snapping turtle (Shoals:2)
  8 hydras
  4 centaur warriors
  A merfolk aquamancer (Shoals:2)
  12 death yaks
  18 dancing weapons
  4 death knights
  5 two-headed ogres
  3 tengu warriors
  2 satyrs (Shoals:3)
  An orc high priest (Orc:2)
  Urug (Lair:6)
  4 thrashing horrors (Abyss:3)
  A hell hog (Abyss:3)
  6 deep elf knights
  Sonja (Lair:2)
  A shadow wraith (Abyss:3)
  2 skeletal warriors (D:12)
  4 sea snakes
  12 deep elf archers
  A glowing orange brain (Abyss:3)
  A wizard (D:14)
  4 orc knights
  2 phantasmal warriors (D:12)
  29 deep elf pyromancers
  12 ugly things
  24 deep elf zephyrmancers
  2 orc sorcerers (Orc:2)
  9 orb spiders
  4 harpies (Shoals:2)
  7 manticores
  6 fauns
  19 wolf spiders
  4 cyclopes
  A will-o-the-wisp (Abyss:3)
  Joseph (D:10)
  A guardian serpent (Lair:6)
  19 elephants
  A smoke demon (Abyss:3)
  6 water nymphs
  3 torpor snails
  10 black mambas
  10 rime drakes
  Psyche (D:8)
  12 cane toads
  A kobold demonologist (D:10)
  8 komodo dragons
  5 demonic crawlers
  An efreet (D:14)
  A yaktaur (D:15)
  A tengu conjurer (D:14)
  A hellwing (Abyss:3)
  A tormentor (D:13)
  7 freezing wraiths
  3 ancient zymes (Abyss:3)
  5 hornets
  12 merfolk
  4 trolls
  30 jumping spiders
  4 wind drakes
  28 blink frogs
  4 slime creatures (D:13)
  6 dream sheep
  3 snapping turtles (Shoals:1)
  4 air elementals
  4 flying skulls (Abyss:3)
  2 shadows
  24 tarantellas
  A ynoxinul (Abyss:3)
  3 small abominations (Abyss:3)
  3 water elementals
  5 wraiths
  91 redbacks
  3 hogs (D:12)
  A spriggan simulacrum (Abyss:3)
  2 fire bats (Abyss:3)
  58 yaks
  10 basilisks
  3 neqoxecs (Abyss:3)
  30 wyverns
  4 fire elementals
  7 large abominations (Abyss:3)
  4 steam dragons
  A chaos spawn (Abyss:3)
  3 acid dragons
  2 wargs
  Edmund (D:5)
  17 water moccasins
  35 orc warriors
  A swamp drake (D:10)
  A sky beast (D:5)
  3 black bears
  3 ice beasts
  8 ogres
  A necrophage (D:8)
  11 wolves
  14 centaurs
  2 lemures (D:6)
  3 phantoms
  3 kobold brigands
  A wyvern zombie (D:5)
  18 bullfrogs
  2 earth elementals
  A gnoll sergeant (D:6)
  2 scorpions (D:5)
  A water moccasin skeleton (D:6)
  10 killer bees
  11 wights
  5 howler monkeys
  A crimson imp (D:10)
  4 starcursed masses (Abyss:3)
  3 quasits (Abyss:3)
  3 centaur zombies
  A hound (D:6)
  A jelly (D:7)
  19 orc priests
  3 gnoll shamans
  An iron imp (D:10)
  Crazy Yiuf (D:4)
  2 bullfrog skeletons
  A centaur skeleton (D:7)
  4 iguanas
  Natasha (twice) (D:2)
  6 merfolk sirens
  24 orc wizards
  6 hell rats (Lair:4)
  2 merfolk avatars
  A killer bee zombie (D:8)
  11 gnolls
  9 adders
  A river rat (Sewer)
  3 shadow imps
  2 white imps
  An adder skeleton (D:4)
  4 worms
  2 dart slugs (D:1)
  114 orcs
  17 ball pythons
  8 endoplasms
  5 giant cockroaches
  9 goblins
  7 hobgoblins
  14 kobolds
  8 quokkas
  7 bats
  6 frilled lizards
  26 rats
  A plant (Shoals:1)
1224 creatures vanquished.

Vanquished Creatures (collateral kills)
  A merfolk javelineer (Shoals:2)
  3 merfolk impalers
  A boulder beetle (D:11)
  A death yak (Lair:6)
  A thrashing horror (Abyss:3)
  2 sea snakes
  Pikel (D:6)
  5 harpies (Shoals:2)
  A deep elf pyromancer (Elf:3)
  2 wolf spiders
  A faun (Shoals:3)
  3 orb spiders
  A manticore (Shoals:2)
  An elephant (Lair:5)
  A merfolk siren (Shoals:2)
  2 black mambas (Lair:6)
  A cane toad (Lair:6)
  2 demonic crawlers (Spider:3)
  A tormentor (D:13)
  2 merfolk (Shoals:2)
  A hornet (Lair:6)
  2 blink frogs
  A dream sheep (Shoals:2)
  2 snapping turtles
  15 redbacks
  3 water elementals (Shoals:2)
  6 yaks (Lair:6)
  3 water moccasins (Lair:6)
  A wolf (Lair:5)
  A small abomination (Abyss:3)
  A bullfrog (D:8)
  A centaur zombie (D:8)
  An orc priest (Orc:2)
  An orc (D:8)
72 creatures vanquished.

Vanquished Creatures (others)
  A tentacled starspawn (Abyss:3)
  A shadow wraith (Abyss:3)
  A wizard (D:13)
  A deep elf zephyrmancer (Elf:1)
  A worldbinder (Abyss:3)
  A cyclops (Shoals:2)
  2 large abominations (Abyss:3)
  A dream sheep (shapeshifter) (Abyss:3)
  A raiju (Abyss:3)
  A golden eye (Abyss:3)
  2 small abominations (Abyss:3)
  A warg (Orc:2)
  A naga (Abyss:3)
  2 orc warriors (Orc:2)
  A gnoll shaman (D:10)
  2 gnolls (D:10)
  2 ufetubi (Abyss:3)
  A bush (Lair:3)
  64 fungi
  2 lurking horrors (Abyss:3)
  145 plants
  4 starspawn tentacles (Abyss:3)
238 creatures vanquished.

Grand Total: 1534 creatures vanquished

Table legend: (Time is in decaauts)
 A = Elapsed time spent in this place.
 B = Non-inter-level travel time spent in this place.
 C = Inter-level travel time spent in this place.
 D = Time resting spent in this place.
 E = Time spent auto-exploring this place.
 F = Levels seen in this place.
 G = Mean time per level.
                   A        B        C        D        E       F      G
               +--------+--------+--------+--------+--------+-----+--------+
         Total |  58505 |  56169 |   2336 |  19867 |  26134 |  36 | 1625.1 |
       Dungeon |  25806 |  24791 |   1015 |   7537 |  13569 |  15 | 1720.4 |
          Lair |  12589 |  11848 |    741 |   4339 |   5516 |   6 | 2098.2 |
        Shoals |   3935 |   3863 |     72 |   2213 |    947 |   3 | 1311.7 |
   Spider Nest |   4068 |   3793 |    275 |   1209 |   1957 |   3 | 1356.0 |
  Orcish Mines |   3087 |   2947 |    140 |    893 |   1166 |   2 | 1543.5 |
   Elven Halls |   6386 |   6296 |     90 |   2474 |   2559 |   3 | 2128.7 |
         Abyss |   1423 |   1423 |      0 |    730 |     24 |   2 |  711.5 |
         Sewer |    359 |    359 |      0 |      8 |    130 |   1 |  359.0 |
      Gauntlet |    849 |    849 |      0 |    463 |    264 |   1 |  849.0 |
               +--------+--------+--------+--------+--------+-----+--------+

Top non-repeatable levels by time:
    D:10: 2901 daAuts
  Lair:1: 2836 daAuts
   Elf:3: 2818 daAuts
  Lair:3: 2741 daAuts
     D:8: 2675 daAuts
  Lair:6: 2383 daAuts
Spider:1: 2217 daAuts
    D:13: 2188 daAuts
    D:12: 2167 daAuts
   Orc:2: 2143 daAuts
Shoals:2: 2042 daAuts
     D:9: 2022 daAuts
     D:4: 1856 daAuts
     D:6: 1813 daAuts
   Elf:1: 1790 daAuts

Table legend:
 A = Non-vault XP
 B = Vault XP
 C = Vault XP percentage of total XP
 D = Non-vault monster count
 E = Vault monster count
 F = Vault count percentage of total count
                 A         B        C        D         E       F
            +---------+---------+-------+---------+---------+-------
      Total |  265930 |  114335 |  30.1 |     908 |     390 |  30.0
            +---------+---------+-------+---------+---------+-------
        D:1 |      42 |       6 |  12.5 |      23 |       4 |  14.8
        D:2 |      81 |      35 |  30.2 |      17 |       1 |   5.6
        D:3 |      31 |      18 |  36.7 |      14 |       9 |  39.1
        D:4 |     319 |      39 |  10.9 |      20 |       1 |   4.8
        D:5 |    1022 |     180 |  15.0 |      21 |       6 |  22.2
        D:6 |     846 |     651 |  43.5 |      17 |       1 |   5.6
        D:7 |    1495 |       0 |   0.0 |      27 |       0 |   0.0
        D:8 |    1215 |    3926 |  76.4 |      27 |      21 |  43.8
        D:9 |    1311 |     886 |  40.3 |      24 |      41 |  63.1
       D:10 |    2688 |    3803 |  58.6 |      20 |      21 |  51.2
       D:11 |    2348 |    4561 |  66.0 |      10 |       6 |  37.5
       D:12 |    5423 |    3903 |  41.9 |      15 |       7 |  31.8
       D:13 |    6831 |    8421 |  55.2 |      21 |      11 |  34.4
       D:14 |    9263 |    2410 |  20.6 |      19 |       4 |  17.4
       D:15 |    5904 |    2628 |  30.8 |      11 |       5 |  31.2
     Lair:1 |    5391 |       0 |   0.0 |      23 |       0 |   0.0
     Lair:2 |    6949 |    4681 |  40.2 |      24 |       9 |  27.3
     Lair:3 |   15361 |    3136 |  17.0 |      43 |       9 |  17.3
     Lair:4 |    3018 |    6792 |  69.2 |      10 |      30 |  75.0
     Lair:5 |   10769 |     394 |   3.5 |      35 |       1 |   2.8
     Lair:6 |   19999 |   10990 |  35.5 |      59 |      40 |  40.4
   Shoals:1 |   11197 |    1481 |  11.7 |      23 |       1 |   4.2
   Shoals:2 |   19533 |    1289 |   6.2 |      40 |       3 |   7.0
   Shoals:3 |    6962 |       0 |   0.0 |      12 |       0 |   0.0
   Spider:1 |   24547 |       0 |   0.0 |      74 |       0 |   0.0
   Spider:2 |   20143 |    3515 |  14.9 |      63 |      16 |  20.3
   Spider:3 |   14606 |       0 |   0.0 |      44 |       0 |   0.0
      Orc:1 |    2583 |    1098 |  29.8 |      32 |      16 |  33.3
      Orc:2 |     609 |    7127 |  92.1 |       6 |      40 |  87.0
      Elf:1 |   16066 |    9596 |  37.4 |      29 |      17 |  37.0
      Elf:2 |   11143 |    4129 |  27.0 |      22 |       5 |  18.5
      Elf:3 |   18768 |   27289 |  59.3 |      28 |      25 |  47.2
    Abyss:3 |   19467 |    1026 |   5.0 |      55 |       2 |   3.5
      Sewer |       0 |     138 | 100.0 |       0 |      35 | 100.0
   Gauntlet |       0 |     187 | 100.0 |       0 |       3 | 100.0
            +---------+---------+-------+---------+---------+-------
